 Dungeon Crawl Stone Soup version 0.28-a0-1080-g05a166d0ed (webtiles) character file.

Game seed: 7690725957624105449

105 Redcow54321 the Caller (level 4, -1/24 HPs)
             Began as a Deep Elf Summoner on Dec 9, 2021.
             Slain by a quokka (5 damage)
             ... on level 3 of the Dungeon.
             The game lasted 00:14:50 (3236 turns).

Redcow54321 the Caller (Deep Elf Summoner)          Turns: 3236, Time: 00:14:51

Health: -1/24      AC:  2    Str:  5    XL:     4   Next: 54%
Magic:  10/12      EV: 27    Int: 22    God:
Gold:   116        SH:  0    Dex: 15    Spells: 7/11 levels left

rFire   . . .      SeeInvis .   (no weapon)
rCold   . . .      Faith    .   (no shield)
rNeg    . . .      Spirit   .   a - +0 robe
rPois   .          Reflect  .   (no helmet)
rElec   .          Harm     .   (no cloak)
rCorr   .          Rampage  .   (no gloves)
Will    .....                   (no boots)
Stlth   ++........              j - amulet of the acrobat
HPRegen 0.08/turn               (no ring)
MPRegen 0.13/turn               (no ring)

@: acrobatic
A: no striking features
a: no special abilities


You were on level 3 of the Dungeon.
You visited 1 branch of the dungeon, and saw 3 of its levels.

You collected 116 gold pieces.

Inventory:

Armour
 a - a +0 robe (worn)
Jewellery
 g - a ring of fire
 j - an amulet of the acrobat (around neck)
Wands
 i - a wand of polymorph (6)
Scrolls
 c - a scroll of teleportation {unknown}
 d - a scroll of acquirement {unknown}
 e - a scroll of fog {unknown}
 f - 2 scrolls of identify {unknown}
 l - a scroll of amnesia {unknown}
Potions
 b - 2 potions of mutation {unknown}
 h - a potion of curing {unknown}
 k - a potion of resistance {unknown}


   Skills:
 - Level 2.4 Dodging
 - Level 2.4 Stealth
 - Level 4.0 Spellcasting
 - Level 0.1 Hexes
 * Level 6.2 Summonings


You had 7 spell levels left.
You knew the following spells:

 Your Spells              Type           Power      Damage    Failure   Level
a - Summon Small Mammal   Summ           100%       N/A       1%          1
b - Summon Guardian Gole  Hex/Summ       18%        N/A       10%         3

Your spell library contained the following spells:

 Spells                   Type           Power      Damage    Failure   Level
 Call Imp                 Summ           31%        N/A       1%          2
 Call Canine Familiar     Summ           31%        N/A       2%          3
 Foxfire                  Conj/Fire      16%        2x1d4     11%         1
 Summon Lightning Spire   Summ/Air       18%        N/A       30%         4
 Conjure Flame            Conj/Fire      4%         6-21      32%         3
 Dazzling Flash           Conj/Hex       8%         N/A       32%         3
 Gell's Gravitas          Tloc           4%         N/A       32%         3
 Inner Flame              Hex/Fire       4%         N/A       32%         3
 Lesser Beckoning         Tloc           4%         N/A       32%         3
 Teleport Other           Tloc           4%         N/A       32%         3
 Flame Wave               Conj/Fire      4%         2d4       73%         4
 Agony                    Necr           4%         N/A       97%         5
 Iskenderun's Battlesphe  Conj           4%         2d6       97%         5
 Silence                  Hex/Air        2%         N/A       97%         5
 Dispersal                Tloc           2%         N/A       100%        6
 Iron Shot                Conj/Erth      2%         9d2       100%        6
 Spellforged Servitor     Conj/Summ      9%         N/A       100%        7


Dungeon Overview and Level Annotations

Branches:
Dungeon (3/15)

Altars:

Shops:
D:1 [(*

Annotations:
D:2 Natasha


Message History

The quokka bites you but does no damage.
The quokka misses you.
You hit the quokka but do no damage. The quokka bites you.
You hit the quokka.
The quokka is moderately wounded.
The quokka closely misses you.
You hit the quokka.
The quokka is heavily wounded.
The quokka bites you.
You hit the quokka but do no damage.
The quokka is heavily wounded.
The quokka bites you.
You hit the quokka but do no damage.
The quokka is heavily wounded.
The quokka closely misses you. The quokka bites you.
The quokka completely misses you. The quokka misses you.
The quokka closely misses you. The quokka completely misses you.
The quokka completely misses you. The quokka bites you. The quokka misses you.
You closely miss the quokka.
The quokka is heavily wounded.
The quokka bites you.
* * * LOW HITPOINT WARNING * * *
You barely miss the quokka.
The quokka is heavily wounded.
The quokka barely misses you. The quokka closely misses you.
You closely miss the quokka.
The quokka is heavily wounded.
The quokka barely misses you.
You completely miss the quokka.
The quokka is heavily wounded.
Your guardian golem disappears in a puff of smoke!
The quokka bites you.
* * * LOW HITPOINT WARNING * * *
The quokka completely misses you. x2
There is an open door here.
The quokka bites you.
You die...

###.........####.########
###.#######.# #.# ..#.#
#.# #.#
#.#.#######.####.####
.........##.........#
########.#######.##.#
#....# #.##.#
#..#.####.##.#
######..#.....@...# ### #
#........######r####
$..#.. #.######..#
###'#######.....# ##.#
#...........>...# #.#
#..............<# #.#
#..............<# #.#
#...............# #.#
#...............# #.#
#...............#


You could see a quokka.

Vanquished Creatures
  A bat (D:2)
  An endoplasm (D:2)
  2 goblins (D:2)
4 creatures vanquished.

Vanquished Creatures (collateral kills)
  Natasha (D:2)
  2 adders
  A dart slug (D:2)
  8 ball pythons
  2 endoplasms (D:2)
  A giant cockroach (D:2)
  6 goblins
  5 hobgoblins
  7 jackals
  4 kobolds
  A quokka (D:1)
  8 bats
  3 frilled lizards
  6 rats
55 creatures vanquished.

Grand Total: 59 creatures vanquished

Notes
Turn   | Place    | Note
-------+----------+-------------------------------------------
     0 | D:1      | Redcow54321 the Deep Elf Summoner began the quest for the
                  | Orb.
     0 | D:1      | Reached XP level 1. HP: 10/10 MP: 6/6
    41 | D:1      | Noticed an electric eel
   114 | D:1      | Found Harru's Armour Boutique.
   175 | D:1      | Found a faded altar of an unknown god.
   287 | D:1      | Found Keasedoh's Assorted Antiques.
   298 | D:1      | Reached XP level 2. HP: 15/15 MP: 5/8
   550 | D:1      | Found Dellet's General Store.
   632 | D:1      | Reached skill level 5 in Summonings
   769 | D:1      | Found Nyotey's Weapon Shoppe.
  1128 | D:2      | Noticed Natasha
  1147 | D:2      | Killed Natasha
  1148 | D:2      | Reached XP level 3. HP: 12/19 MP: 6/10
  1152 | D:2      | Learned a level 3 spell: Summon Guardian Golem
  2014 | D:2      | Noticed Natasha
  2200 | D:2      | Reached XP level 4. HP: 24/24 MP: 9/12
  2578 | D:2      | Reached skill level 6 in Summonings
  3236 | D:3      | Slain by a quokka

Illustrated notes

Levels and vault maps discovered:
D:1:      arrival_aquarium_a, layout_loops_ring, serial_shops,
          nicolae_shop_trees, shop_fountains, nicolae_shop_trees, shop,
          ebering_ecumenical_altar_box
D:2:      minmay_inner_zag, layout_basic, minmay_split_cup_large, uniq_natasha
D:3:      layout_basic

Skill      XL: |  1  2  3  4 |
---------------+-------------+-----
Summonings     | 5 6 |  6.2
Spellcasting   | 4 |  4.0
Dodging        | |  2.4
Stealth        | |  2.4
Hexes          | |  0.1

Action                   |  1- 3 |  4- 6 || total
-------------------------+-------+-------++-------
Melee: Unarmed           |    12 |    35 ||    47
 Cast: Summon Small Mamm |    74 |    23 ||    97
       Summon Guardian G |     1 |     3 ||     4
 Stab: Sleeping          |       |     1 ||     1
Armor: Robe              |    16 |    15 ||    31
Dodge: Dodged            |    44 |    50 ||    94

Table legend: (Time is in decaauts)
 A = Elapsed time spent in this place.
 B = Non-inter-level travel time spent in this place.
 C = Inter-level travel time spent in this place.
 D = Time resting spent in this place.
 E = Time spent auto-exploring this place.
 F = Levels seen in this place.
 G = Mean time per level.
                   A        B        C        D        E       F      G
               +--------+--------+--------+--------+--------+-----+--------+
         Total |   3235 |   3197 |     38 |      0 |   2422 |   3 | 1078.3 |
       Dungeon |   3235 |   3197 |     38 |      0 |   2422 |   3 | 1078.3 |
               +--------+--------+--------+--------+--------+-----+--------+

Top non-repeatable levels by time:
     D:2: 1785 daAuts
     D:1: 1008 daAuts
     D:3: 441 daAuts
